 Dungeon Crawl Stone Soup version 0.19.1-1-g22dce08 (webtiles) character file.

330 McKennaii the Gusty (level 6, -1/36 HPs)
             Began as a High Elf Air Elementalist on Jan 9, 2017.
             Slain by a quasit (3 damage)
             ... summoned by Eustachio
             ... on level 4 of the Dungeon.
             The game lasted 00:09:45 (2435 turns).

McKennaii the Gusty (High Elf Air Elementalist)     Turns: 2435, Time: 00:09:46

Health: -1/36      AC:  4    Str:  7      XL:     6   Next: 26%
Magic:  1/14       EV: 13    Int: 21      God:
Gold:   117        SH:  0    Dex: 14 (16) Spells: 3 memorised, 9 levels left

rFire  . . .     SeeInvis .     (no weapon)
rCold  . . .     Gourm    .     a - +0 robe
rNeg   . . .     Faith    .     (no shield)
rPois  .         Spirit   .     y - +0 helmet
rElec  .         Reflect  .     q - +0 cloak
rCorr  .         Harm     .     (no gloves)
MR     .....                    (no boots)
Stlth  ++........               (no amulet)
                                (no ring)
                                (no ring)

@: no status effects
A: no striking features
a: no special abilities


You were on level 4 of the Dungeon.
You were not hungry.

You visited 1 branch of the dungeon, and saw 4 of its levels.

You collected 117 gold pieces.

Inventory:

Armour
 a - a +0 robe (worn)
 q - a +0 cloak (worn)
 y - a +0 helmet (worn)
Jewellery
 g - a +4 ring of dexterity {unknown}
 p - a +3 ring of intelligence {unknown}
 s - a cursed -3 ring of intelligence {unknown}
 t - a +6 ring of dexterity {unknown}
Wands
 v - a wand of iceblast (8/15)
 w - a wand of lightning (10/15)
Scrolls
 h - a scroll of blinking {unknown}
 j - 2 scrolls of teleportation {unknown}
 k - a scroll of enchant armour {unknown}
 l - a scroll of identify {unknown}
 m - a scroll of amnesia {unknown}
 r - a scroll of immolation {unknown}
Potions
 e - 3 potions of curing {unknown}
 f - a potion of beneficial mutation {unknown}
 i - a potion of agility {unknown}
 n - a potion of flight {unknown}
 o - a potion of might {unknown}
 x - a potion of haste {unknown}
Books
 b - a book of Air

   Spells                             Type                      Level
   a - Shock                          Conjuration/Air              1
   b - Swiftness                      Charms/Air                   2
   c - Repel Missiles                 Charms/Air                   2
   d - Static Discharge               Conjuration/Air              3
   e - Lightning Bolt                 Conjuration/Air              5
Comestibles
 c - 2 bread rations
 d - 4 meat rations
 u - a royal jelly


   Skills:
 + Level 0.2 Fighting
 + Level 2.9 Dodging
 + Level 2.4 Stealth
 + Level 0.8 Unarmed Combat
 + Level 4.8 Spellcasting
 + Level 2.9 Conjurations
 + Level 5.6 Air Magic


You had 9 spell levels left.
You knew the following spells:

 Your Spells              Type           Power        Failure   Level  Hunger
a - Shock                 Conj/Air       ###.         1%          1    None
b - Swiftness             Chrm/Air       ###.....     6%          2    None
c - Repel Missiles        Chrm/Air       ###...       6%          2    None


Dungeon Overview and Level Annotations

Branches:
Dungeon (4/15)
 Temple: D:4-7

Altars:

Annotations:
D:4 1 runed door, Eustachio


Message History

The crimson imp blinks!
The bat barely misses you. x2
The river rat twitches its whiskers.
The quasit bites you.
* * * LOW HITPOINT WARNING * * *
The quasit closely misses you.
The quasit claws you but does no damage.
The bat closely misses you. x2
The bat closely misses you. The bat barely misses you.
The bat hits you but does no damage. The bat closely misses you.
The bat hits you but does no damage. The bat hits you.
* * * LOW HITPOINT WARNING * * *
The crimson imp shouts, "Out, out, thou bootless spleeny simpleton!"
The bat misses you. The bat barely misses you. The bat misses you.
The quasit barely misses you.
The quasit claws you but does no damage. x2
You closely miss the bat. The bat closely misses you.
The bat hits you but does no damage. The quasit bites you.
You die...

############ #..r5......#
#.@b.......# #### #..5.......#
...# #b.........# ...#
#..........# ...#######
#..........######## ..........
#...........#.....# ...#######
###.................. ...#####
..........%...........
.......#########.................


You could see a quasit, a crimson imp, a river rat and 2 bats.

Vanquished Creatures
  An ogre (D:4)
  An orc priest (D:3)
  An orc wizard (D:3)
  Natasha (D:3)
  A worker ant (D:4)
  A hound skeleton (D:4)
  6 adders
  An ooze (D:1)
  3 worms
  A dart slug (D:1)
  6 orcs
  A ball python (D:1)
  3 bats
  3 giant cockroaches
  10 goblins
  5 hobgoblins
  2 jackals (D:1)
  7 kobolds
  3 frilled lizards
  7 rats
64 creatures vanquished.

Notes
Turn   | Place    | Note
-------+----------+-------------------------------------------
     0 | D:1      | McKennaii the High Elf Air Elementalist began the quest for the Orb.
     0 | D:1      | Reached XP level 1. HP: 11/11 MP: 4/4
   110 | D:1      | Reached skill level 4 in Air Magic
   218 | D:1      | Reached XP level 2. HP: 10/17 MP: 4/6
   462 | D:1      | Reached XP level 3. HP: 9/21 MP: 0/8
   937 | D:2      | Learned a level 2 spell: Swiftness
   940 | D:2      | Learned a level 2 spell: Repel Missiles
  1393 | D:2      | Reached XP level 4. HP: 27/27 MP: 6/9
  1669 | D:3      | Noticed Natasha
  1690 | D:3      | Killed Natasha
  1798 | D:3      | Reached XP level 5. HP: 31/31 MP: 0/12
  1818 | D:3      | Reached skill level 5 in Air Magic
  2052 | D:4      | Noticed Eustachio
  2210 | D:4      | Noticed an ogre
  2223 | D:4      | Killed an ogre
  2223 | D:4      | Reached XP level 6. HP: 36/36 MP: 0/14
  2290 | D:4      | Found a runed door.
  2433 | D:4      | HP: 1/36 [bat[Eustachio] (1)]
  2435 | D:4      | Slain by a quasit

Skill      XL: |  1  2  3  4  5 |
---------------+----------------+-----
Air Magic      | 4 5 |  5.6
Spellcasting   | 3 4 |  4.8
Conjurations   | 2 |  2.9
Fighting       | |  0.2
Dodging        | |  2.9
Stealth        | |  2.4
Unarmed Combat | |  0.8

Action                   |  1- 3 |  4- 6 || total
-------------------------+-------+-------++-------
Melee: Unarmed           |    32 |    14 ||    46
 Cast: Shock             |    80 |   103 ||   183
  Eat: Meat ration       |     1 |       ||     1
Armor: Robe              |     7 |    34 ||    41
Dodge: Dodged            |    33 |    69 ||   102
